Map: Rhoskallian LE

Players

Massa - Winner!

  • Race: Terran Terran
  • League: Gold
  • Spawn Location: 12:00

qqq - Winner!

  • Race: Protoss Protoss
  • Spawn Location: 11:00

CTFletcher

  • Race: Zerg Zerg
  • League: Diamond
  • Spawn Location: 6:00

Iro

  • Race: Protoss Protoss
  • League: Platinum
  • Spawn Location: 5:00

VOD

Have the link to the VOD?

Description

Time

  • Played on: July 4, 2020, 9:07 a.m.
  • Length: 10:06
Show
View Real Time Build Order
Export as new Build Order

Massa Terran - Winner!

Build Orders: Reaper Expand 

Get SALT Encoding   

  12  0:08  SCV  
  13  0:19  Supply Depot  
  13  0:20  SCV  
  14  0:32  SCV  
  15  0:42  Barracks  
  15  0:45  Refinery  
  15  1:00  SCV  
  16  1:12  SCV  
  17  1:29  Reaper  
  18  1:37  Command Center  
  18  1:40  SCV  
  19  1:52  SCV  
  20  2:01  Reaper  
  21  2:14  SCV  
  22  2:26  SCV  
  23  2:48  Supply Depot  
  23  2:50  Orbital Command  
  23  2:57  SCV  
  24  3:01  Barracks, Marine  
  25  3:09  SCV  
  26  3:19  Marine  
  27  3:21  SCV  
  27  3:22  SCV  
  29  3:33  SCV  
  30  3:35  Refinery, SCV  
  30  3:36  Marine  
  33  3:50  Factory  
  33  3:52  Orbital Command  
  33  3:54  SCV, Marine  
  34  4:00  Barracks  
  34  4:01  Barracks Tech Lab  
  34  4:07  SCV  
  35  4:19  SCV  
  36  4:29  SCV  
  36  4:31  SCV  
  38  4:41  SCV  
  38  4:43  SCV  
  40  4:46  Marauder  
  40  4:47  Factory Tech Lab  
  42  4:53  SCV  
  42  4:55  SCV  
  44  5:08  Marauder  
  44  5:28  Supply Depot  
  44  5:32  Supply Depot  
  44  5:33  Supply Depot  
  44  5:34  Refinery  
  44  5:35  Supply Depot x2  
  44  5:37  Supply Depot  
  44  5:40  Engineering Bay  
  44  5:44  Command Center  
  44  5:49  Siege Tank  
  47  5:53  Barracks Tech Lab  
  47  5:55  Stimpack  
  47  5:59  Marauder  
  47  6:00  Marine, Supply Depot  
  50  6:12  Terran Infantry Weapons Level 1  
  50  6:18  Marine  
  50  6:19  Missile Turret  
  50  6:21  Marauder  
  53  6:26  Factory  
  53  6:36  Marine  
  51  6:40  Missile Turret  
  51  6:42  Marauder  
  51  6:46  Missile Turret  
  53  6:49  Missile Turret  
  53  6:50  SCV x2  
  53  6:54  Marine  
  56  7:01  Missile Turret  
  56  7:02  SCV x2  
  56  7:04  Marauder  
  56  7:07  Marauder  
  62  7:09  Concussive Shells  
  62  7:12  Marine  
  62  7:14  SCV x2, Siege Tank  
  68  7:23  Factory Tech Lab  
  68  7:25  Marauder  
  68  7:26  SCV x2  
  68  7:28  Marauder, Missile Turret  
  68  7:29  Armory  
  74  7:30  Marine  
  74  7:34  Combat Shield  
  74  7:38  SCV  
  74  7:39  SCV  
  74  7:43  Missile Turret  
  74  7:46  Marauder  
  74  7:49  Marauder  
  74  7:50  SCV  
  74  7:51  Starport, SCV  
  79  8:08  Marauder  
  79  8:11  Marauder  
  83  8:18  Marine  
  84  8:23  Widow Mine x2  
  88  8:29  Marauder  
  88  8:32  Orbital Command, Marauder  
  92  8:34  SCV x2  
  92  8:36  Marine  
  92  8:38  Refinery  
  92  8:39  Refinery  
  95  8:44  Widow Mine x2  
  95  8:45  Refinery  
  95  8:46  SCV  
  95  8:47  SCV  
  101  8:51  Marauder  
  101  8:54  Marauder, Marine  
  106  8:58  SCV  
  106  8:59  SCV  
  108  9:05  Siege Tank  
  111  9:10  SCV  
  111  9:11  SCV  
  111  9:12  Marauder, Marine  
  116  9:22  SCV  
  116  9:23  Supply Depot  
  117  9:24  Supply Depot  
  117  9:25  Supply Depot x2  
  117  9:32  Engineering Bay  
  117  9:36  Command Center  
  117  9:45  SCV, Marine  
  123  9:48  Supply Depot  
  123  9:50  Supply Depot  
  123  9:51  Supply Depot  
Show
View Real Time Build Order
Export as new Build Order

qqq Protoss - Winner!

Build Orders:  

Get SALT Encoding   

  12  0:03  Probe  
  13  0:22  Probe, Pylon  
  14  0:30  Pylon  
  14  0:44  Forge  
  14  0:52  Pylon  
  14  0:57  Probe  
  15  1:20  Probe  
  15  1:23  Gateway  
  16  1:32  Probe  
  17  1:44  Probe  
  18  1:47  Pylon  
  18  2:06  Photon Cannon  
  18  2:09  Photon Cannon  
  18  2:15  Pylon  
  18  2:17  Photon Cannon  
  18  2:19  Pylon  
  17  2:33  Cybernetics Core  
  17  2:37  Assimilator  
  17  2:42  Assimilator  
  17  2:43  Probe  
  18  2:55  Probe  
  19  3:07  Probe  
  20  3:19  Probe  
  21  3:31  Probe  
  22  3:35  Nexus  
  22  3:44  Probe  
  23  3:55  Stargate  
  23  3:56  Probe  
  24  4:23  Stargate  
  24  4:25  Pylon  
  24  4:48  Phoenix  
  26  4:54  Probe  
  27  5:05  Protoss Air Weapons Level 1  
  27  5:06  Probe  
  28  5:09  Photon Cannon  
  28  5:18  Probe  
  29  5:24  Phoenix  
  31  5:28  Probe  
  32  5:35  Assimilator  
  32  5:36  Probe  
  32  5:39  Phoenix, Assimilator  
  34  5:45  Probe  
  35  5:56  Probe, Phoenix  
  34  5:58  Phoenix  
  36  6:09  Probe  
  39  6:21  Probe  
  39  6:22  Phoenix  
  42  6:33  Probe  
  42  6:35  Phoenix  
  45  6:45  Probe  
  46  6:47  Phoenix  
  48  6:57  Probe  
  48  7:00  Phoenix  
  51  7:12  Phoenix  
  51  7:13  Probe  
  54  7:31  Pylon  
  54  7:33  Pylon  
  54  7:36  Pylon  
  54  7:48  Phoenix x2  
  54  7:49  Probe  
  55  8:01  Probe  
  56  8:13  Probe, Phoenix, Pylon  
  56  8:14  Nexus  
  56  8:15  Phoenix  
  56  8:16  Pylon  
  61  8:25  Probe  
  62  8:37  Probe  
  63  8:49  Probe  
  64  9:01  Probe  
  65  9:09  Phoenix x2  
  67  9:13  Probe  
  64  9:34  Phoenix x2  
  66  9:49  Fleet Beacon  
  66  9:51  Stargate  
  66  9:53  Stargate  
  66  9:58  Photon Cannon  
  71  10:00  Photon Cannon  
Show
View Real Time Build Order
Export as new Build Order

CTFletcher Zerg 

Build Orders: Pool First, Ravager All-In 

Get SALT Encoding   

  12  0:01  Drone  
  13  0:15  Drone  
  13  0:18  Overlord  
  14  0:36  Drone x2  
  16  0:43  Drone  
  16  0:48  Spawning Pool  
  16  0:50  Extractor  
  16  0:51  Drone  
  16  0:59  Drone  
  17  1:12  Overlord  
  17  1:24  Drone  
  18  1:35  Zergling x2  
  19  1:44  Zergling x2  
  20  1:48  Hatchery  
  19  1:55  Zergling x2  
  20  2:14  Zergling x4  
  22  2:25  Zergling x2  
  19  2:59  Extractor, Drone x3, Roach Warren  
  20  3:10  Hatchery  
  19  3:14  Queen  
  19  3:15  Zergling x2  
  21  3:20  Spine Crawler  
  21  3:24  Drone  
  21  3:39  Roach  
  23  3:45  Roach Warren  
  23  3:46  Overlord  
  22  3:58  Roach  
  25  4:08  Roach  
  27  4:10  Ravager  
  28  4:27  Ravager  
  28  4:28  Roach x2  
  28  4:31  Hatchery  
  32  4:36  Spore Crawler  
  33  4:41  Drone  
  33  4:42  Drone  
  35  4:47  Drone  
  34  4:58  Ravager x3  
  37  5:05  Metabolic Boost  
  33  5:25  Drone  
  33  5:26  Drone x2  
  36  5:38  Drone x3  
  39  5:48  Drone  
  39  5:49  Drone x2  
  42  5:51  Spore Crawler  
  41  6:04  Drone x2  
  43  6:07  Lair  
  43  6:12  Drone x2  
  43  6:15  Spore Crawler  
  44  6:32  Drone x4  
  48  6:33  Queen  
  48  6:36  Drone  
  45  6:53  Drone  
  45  6:54  Drone x2, Evolution Chamber  
  48  6:55  Evolution Chamber  
  46  7:07  Drone  
  47  7:09  Queen  
  47  7:12  Spire  
  47  7:13  Extractor  
  47  7:14  Extractor  
  46  7:16  Drone x3  
  46  7:21  Drone  
  50  7:24  Overlord x2  
  50  7:27  Zerg Melee Weapons Level 1  
  50  7:29  Zerg Ground Armor Level 1  
  50  7:44  Drone x2  
  50  7:45  Drone  
  54  7:51  Drone x3  
  54  7:56  Spine Crawler  
  56  7:59  Hatchery  
  47  8:16  Drone  
  47  8:17  Drone x2  
  47  8:18  Drone x2, Baneling Nest  
  47  8:19  Drone  
  52  8:28  Overlord x4  
  52  8:41  Spore Crawler  
  52  8:47  Overlord x4  
  52  8:48  Overlord  
  42  9:02  Spore Crawler  
  42  9:03  Corruptor  
  42  9:04  Corruptor x3  
  49  9:11  Drone x3  
  49  9:12  Drone  
  49  9:13  Zergling x2  
  54  9:20  Corruptor  
  54  9:28  Corruptor  
  54  9:44  Zergling x4  
  60  9:47  Drone  
Show
View Real Time Build Order
Export as new Build Order

Iro Protoss 

Build Orders:  

Get SALT Encoding   

  1  0:00  Probe  
  12  0:06  Probe  
  14  0:21  Probe, Pylon  
  15  0:40  Gateway  
  15  0:45  Assimilator  
  15  0:53  Gateway  
  15  0:54  Probe  
  16  1:04  Probe  
  17  1:12  Probe  
  18  1:20  Probe  
  19  1:33  Cybernetics Core  
  19  1:34  Probe  
  20  1:40  Pylon  
  20  1:47  Assimilator  
  20  1:59  Probe  
  21  2:06  Forge, Warp Gate  
  21  2:14  Twilight Council  
  21  2:25  Stalker  
  23  2:35  Shield Battery  
  22  2:48  Photon Cannon  
  22  2:53  Probe  
  23  3:03  Pylon  
  23  3:05  Probe  
  24  3:17  Probe  
  25  3:21  Stargate  
  25  3:29  Probe  
  26  3:52  Pylon  
  26  4:05  Phoenix  
  28  4:14  Stargate  
  28  4:44  Phoenix  
  30  5:02  Phoenix  
  30  5:24  Phoenix  
  32  5:44  Nexus  
  32  5:46  Pylon  
  32  5:48  Phoenix  
  34  5:50  Pylon  
  32  6:00  Phoenix  
  34  6:19  Pylon  
  34  6:21  Phoenix  
  36  6:48  Fleet Beacon  
  36  6:49  Photon Cannon  
  36  6:53  Photon Cannon  
  36  6:57  Photon Cannon  
  36  6:58  Photon Cannon  
  36  6:59  Photon Cannon  
  36  7:01  Photon Cannon  
  34  7:05  Probe  
  34  7:09  Photon Cannon  
  34  7:13  Probe  
  36  7:23  Probe  
  37  7:50  Void Ray x2  
  27  8:02  Probe  
  27  8:05  Assimilator, Flux Vanes  
  36  8:08  Assimilator  
  36  8:12  Probe  
  37  8:20  Probe  
  37  8:22  Probe  
  39  8:28  Probe  
  40  8:34  Probe  
  40  8:36  Void Ray  
  40  8:40  Probe  
  46  8:43  Void Ray  
  46  8:46  Probe  
  51  8:52  Probe  
  52  8:58  Probe  
  53  9:11  Probe  
  50  9:19  Void Ray  
  50  9:27  Stalker x2  
Tags
 
Add a new tag
Caveats
  • Supply blocks, unpowered buildings, or Contaminate may cause inaccurate times.
  • Supply counts are checked every 10 seconds.